Map: Acropolis LE

Players

DnS - Winner!

  • Race: Protoss Protoss
  • Spawn Location: 5:00

Lambo

  • Race: Zerg Zerg
  • Spawn Location: 11:00

Event: 2019 WCS Summer

VOD

Have the link to the VOD?

Description

Time

  • Played on: July 12, 2019, 3:05 p.m.
  • Length: 13:56

All games in this series

Show
View Real Time Build Order
Export as new Build Order

DnS Protoss - Winner!

Build Orders: 1 Gate Expand, Oracle Opening, Archon Immortal 

Get SALT Encoding   

  12  0:00  Probe  
  13  0:12  Probe  
  14  0:20  Pylon  
  14  0:24  Probe  
  15  0:34  Probe  
  15  0:42  Probe  
  16  0:43  Gateway  
  17  0:52  Probe  
  17  0:53  Assimilator  
  18  1:04  Probe  
  19  1:16  Probe  
  20  1:25  Nexus  
  20  1:35  Cybernetics Core  
  20  1:38  Probe  
  21  1:45  Assimilator  
  21  1:50  Probe  
  22  1:54  Pylon  
  22  2:02  Adept  
  22  2:03  Probe  
  23  2:15  Probe  
  26  2:19  Stargate  
  26  2:27  Probe  
  26  2:28  Stalker  
  26  2:29  Warp Gate  
  27  2:35  Probe  
  27  2:39  Probe  
  27  2:43  Probe  
  33  2:51  Probe  
  33  2:53  Probe  
  33  2:56  Oracle  
  34  3:03  Probe  
  34  3:05  Probe  
  39  3:15  Probe  
  39  3:17  Probe  
  39  3:18  Pylon  
  41  3:25  Gateway  
  41  3:26  Oracle  
  41  3:27  Probe  
  41  3:29  Probe  
  41  3:30  Assimilator  
  41  3:32  Assimilator  
  43  3:39  Probe  
  47  3:41  Probe  
  48  3:50  Adept  
  48  3:51  Probe, Pylon  
  48  3:53  Probe  
  48  3:55  Pylon  
  52  3:59  Robotics Facility  
  52  4:04  Probe, Phoenix  
  52  4:06  Probe  
  54  4:16  Probe  
  57  4:19  Probe  
  57  4:23  Gateway  
  58  4:24  Pylon  
  58  4:32  Adept x2  
  60  4:40  Immortal  
  60  4:44  Probe x2  
  60  4:45  Pylon  
  66  4:57  Sentry x2  
  70  5:02  Nexus  
  70  5:06  Pylon  
  70  5:11  Warp Prism  
  70  5:20  Probe  
  70  5:21  Sentry x3  
  71  5:25  Probe  
  74  5:29  Pylon  
  74  5:32  Probe  
  75  5:38  Probe  
  76  5:44  Probe  
  76  5:49  Stalker x3  
  81  5:51  Probe  
  81  5:56  Observer, Probe  
  84  6:03  Probe  
  85  6:06  Twilight Council  
  85  6:08  Probe  
  85  6:09  Forge  
  86  6:12  Probe  
  86  6:13  Probe  
  88  6:20  Probe x2, Immortal  
  88  6:21  Probe  
  95  6:29  Probe  
  95  6:30  Charge  
  95  6:31  Probe  
  97  6:32  Probe  
  97  6:38  Protoss Ground Weapons Level 1  
  98  6:40  Assimilator  
  98  6:41  Probe  
  98  6:43  Probe, Assimilator  
  98  6:44  Gateway  
  98  6:45  Probe  
  98  6:46  Gateway  
  101  6:48  Gateway  
  101  6:53  Probe  
  102  6:55  Probe, Immortal, Pylon  
  102  6:57  Probe  
  108  7:01  Templar Archives  
  108  7:08  Zealot x3  
  114  7:09  Pylon  
  114  7:17  Shield Battery  
  114  7:18  Shield Battery  
  114  7:20  Shield Battery  
  114  7:21  Shield Battery  
  108  7:23  Photon Cannon  
  108  7:25  Photon Cannon  
  108  7:29  Sentry x3, Immortal  
  118  7:42  Zealot x2  
  118  7:43  Zealot  
  115  7:52  Zealot x3  
  117  8:03  Zealot x2  
  117  8:04  Observer  
  115  8:08  Zealot, Immortal  
  115  8:10  Protoss Ground Weapons Level 2  
  99  8:12  Zealot  
  99  8:17  High Templar x2  
  101  8:21  Archon  
  101  8:27  High Templar x2  
  101  8:28  Zealot  
  101  8:29  Probe x3  
  101  8:32  Psionic Storm  
  101  8:34  Archon  
  110  8:47  Gateway  
  110  8:48  Immortal, Gateway  
  114  8:51  High Templar x2  
  114  8:52  Probe  
  119  9:02  High Templar  
  121  9:07  Probe, Nexus  
  121  9:09  Probe x2, Pylon  
  124  9:14  Pylon  
  124  9:15  High Templar  
  126  9:19  High Templar  
  127  9:28  Probe x3  
  130  9:31  Zealot  
  130  9:32  Zealot x2  
  130  9:36  Observer  
  137  9:42  Photon Cannon  
  137  9:43  Gateway  
  137  9:44  Gateway  
  137  9:46  Gateway  
  137  9:48  Photon Cannon  
  137  9:52  Photon Cannon  
  137  9:54  High Templar x2  
  137  9:58  Assimilator  
  137  9:59  Archon  
  141  10:02  Assimilator  
  141  10:05  Warp Prism  
  143  10:07  High Templar x2  
  143  10:12  Archon  
  147  10:17  Zealot  
  147  10:19  Photon Cannon  
  149  10:22  Zealot, Pylon  
  149  10:23  Zealot x2  
  149  10:24  Pylon  
  149  10:25  Pylon  
  155  10:31  Robotics Facility  
  155  10:34  Probe x2  
  157  10:39  High Templar x3  
  157  10:40  Observer, High Templar  
  165  10:44  Archon x2  
  165  10:49  Oracle  
  169  11:04  Observer  
  169  11:05  Pylon  
  169  11:06  Pylon  
  168  11:11  Zealot x9  
  168  11:17  Pylon  
  168  11:18  Photon Cannon, Pylon  
  186  11:20  Shield Battery  
  186  11:38  Fleet Beacon  
  186  11:39  Zealot x3  
  192  11:40  Zealot x2  
  192  11:41  Stargate  
  196  11:50  Zealot x2  
  196  11:51  Observer  
  198  11:59  Dark Shrine  
  172  12:10  Observer  
  149  12:21  Zealot x9  
  123  13:08  Pylon  
  119  13:22  Nexus  
Show
View Real Time Build Order
Export as new Build Order

Lambo Zerg 

Build Orders: Hatch First, Lurkers 

Get SALT Encoding   

  12  0:00  Drone  
  13  0:12  Overlord  
  13  0:16  Drone  
  14  0:31  Drone x2  
  16  0:45  Drone  
  17  0:52  Hatchery  
  17  0:54  Drone  
  17  0:58  Drone  
  18  1:08  Extractor  
  17  1:13  Spawning Pool  
  17  1:15  Drone  
  17  1:19  Drone  
  18  1:29  Drone  
  19  1:39  Drone  
  20  1:52  Overlord  
  20  2:01  Queen  
  22  2:05  Zergling x2, Queen  
  22  2:06  Drone  
  26  2:11  Metabolic Boost  
  26  2:13  Zergling x2  
  26  2:14  Drone  
  28  2:25  Drone  
  28  2:27  Drone  
  30  2:35  Hatchery  
  29  2:38  Drone  
  30  2:45  Drone  
  30  2:48  Drone, Overlord  
  32  2:58  Queen  
  32  3:03  Drone x2  
  36  3:12  Drone  
  36  3:13  Drone x4  
  36  3:17  Drone  
  41  3:20  Overlord  
  41  3:23  Drone x2  
  43  3:36  Lair  
  43  3:38  Queen  
  43  3:40  Roach Warren  
  43  3:41  Drone x2  
  46  3:43  Drone  
  46  3:45  Extractor  
  46  3:46  Drone x2  
  48  3:48  Zergling x2  
  48  3:50  Drone  
  48  3:52  Drone  
  48  3:55  Drone  
  52  4:00  Zergling x2  
  52  4:01  Drone x2  
  55  4:06  Drone, Extractor  
  55  4:07  Drone x2  
  56  4:10  Drone  
  56  4:13  Drone x2  
  58  4:19  Spore Crawler  
  58  4:20  Spore Crawler  
  58  4:22  Drone  
  58  4:23  Overlord  
  57  4:29  Overlord  
  57  4:33  Overlord  
  57  4:37  Hydralisk Den, Drone x2, Overseer  
  57  4:40  Zergling x2  
  57  4:44  Zergling x2  
  57  4:45  Zergling x4  
  60  4:47  Zergling x6  
  60  4:52  Zergling x10  
  67  4:59  Drone x2  
  69  5:04  Extractor  
  68  5:07  Hydralisk x5  
  77  5:18  Muscular Augments, Overlord  
  77  5:19  Overlord  
  77  5:20  Overlord  
  74  5:23  Overlord  
  74  5:26  Overlord  
  74  5:28  Overlord  
  74  5:33  Overlord  
  74  5:35  Overlord x2  
  74  5:42  Hydralisk x2  
  76  5:46  Hydralisk x2  
  80  5:51  Hydralisk  
  80  5:56  Zergling x4  
  80  5:57  Zergling x6  
  86  6:03  Hydralisk x2  
  91  6:06  Zergling x6  
  94  6:12  Hydralisk x2  
  94  6:17  Extractor  
  94  6:18  Hydralisk x2  
  99  6:21  Zergling x2  
  99  6:25  Hydralisk  
  100  6:26  Zergling x2  
  100  6:30  Hydralisk, Grooved Spines  
  100  6:31  Zergling x4  
  107  6:33  Hydralisk  
  107  6:39  Hydralisk  
  108  6:40  Zergling x4  
  108  6:43  Hydralisk  
  114  6:50  Hydralisk x2  
  114  6:51  Zergling x4  
  120  6:56  Hydralisk  
  120  6:58  Zergling x6  
  125  7:01  Zergling x2  
  125  7:06  Hydralisk x2  
  125  7:07  Zergling x2  
  131  7:15  Zergling x10  
  135  7:23  Hydralisk, Zergling x2  
  135  7:24  Zergling x6  
  135  7:28  Hydralisk  
  135  7:29  Zergling x2  
  144  7:31  Hydralisk  
  145  7:44  Hydralisk x2  
  137  7:45  Zergling x4  
  137  7:46  Overlord  
  137  7:50  Hydralisk  
  137  7:52  Hydralisk x2  
  137  7:55  Hydralisk  
  137  7:56  Zergling x2  
  137  7:58  Drone  
  122  8:00  Drone  
  122  8:01  Drone  
  122  8:02  Drone  
  122  8:05  Drone x2  
  118  8:07  Drone  
  118  8:08  Hydralisk  
  103  8:13  Drone x2  
  103  8:15  Drone x2  
  103  8:19  Drone  
  106  8:20  Evolution Chamber  
  106  8:22  Drone  
  106  8:23  Extractor  
  106  8:25  Lurker Den  
  104  8:28  Drone x3  
  107  8:37  Drone  
  107  8:38  Drone x6  
  114  8:48  Overseer  
  114  8:49  Hatchery  
  114  8:54  Hydralisk x2  
  117  9:00  Hydralisk x3  
  123  9:08  Drone x3  
  123  9:09  Zergling x4  
  128  9:12  Hydralisk  
  128  9:15  Extractor  
  129  9:18  Zerg Missile Weapons Level 1  
  129  9:19  Extractor  
  129  9:21  Hydralisk x3  
  133  9:28  Drone x2  
  133  9:29  Drone  
  136  9:34  Hydralisk x2  
  136  9:35  Zergling x10  
  145  9:44  Overlord  
  145  9:53  Lurker x9  
  145  9:55  Overlord x3  
  145  9:59  Overlord  
  154  10:06  Lurker  
  156  10:07  Zergling x12, Lurker  
  156  10:10  Hydralisk  
  156  10:13  Lurker  
  165  10:18  Lurker  
  165  10:20  Queen  
  168  10:23  Zergling x14  
  174  10:29  Hydralisk x2  
  174  10:31  Lurker  
  174  10:34  Lurker  
  180  10:36  Zergling x12  
  180  10:38  Overseer  
  186  10:52  Lurker  
  186  10:53  Hydralisk x5, Lurker  
  198  11:14  Infestation Pit, Lurker x2  
  193  11:50  Hydralisk x3  
  191  11:56  Overlord  
  191  11:57  Overlord x2  
  162  12:14  Overlord  
  153  12:21  Hatchery  
  153  12:22  Hydralisk x5  
  152  12:32  Overlord x2  
  152  12:34  Nydus Network  
  152  12:36  Overlord  
  148  12:39  Queen, Overlord  
  122  12:51  Overseer  
  122  12:52  Hydralisk x3  
Tags
 
Add a new tag
Caveats
  • Supply blocks, unpowered buildings, or Contaminate may cause inaccurate times.
  • Supply counts are checked every 10 seconds.